Rafales vs Influenza
Created - May 30, 2017 at 21:30
Goals
|
Rafales |
1 |
2 |
4 |
7 |
Influenza |
0 |
2 |
0 |
2 |
|
Shots
|
Rafales |
10 |
15 |
13 |
38 |
Influenza |
11 |
20 |
8 |
39 |
|
1st period
1. Rafales , Tim Crowder 1 (Mike Sislo 1, Dan Fritsche 1) at 13:01
Penalties :
Mark Fayne (Stf) for Hooking (Minor) at 5:01, Kevin Veilleux (Stf) for Holding (Minor) at 7:14
2nd period
2. Influenza , John Klingberg 1 (Robbie Earl 1, Ryan Carter 1) at 8:43 (PP)
3. Influenza , Ben Smith 1 (Jeff May 1, Thomas McCollum) at 12:03
4. Rafales , Johan Ryno 1 (Mike Zigomanis 1, Bruno Gervais 1) at 13:17
5. Rafales , Tim Crowder 2 (Bruno Gervais 2, Mike Sislo 2) at 16:04
Penalties :
Jonas Junland (Stf) for Hooking (Minor) at 8:40
3rd period
6. Rafales , Tim Crowder 3 (Matt Gilroy 1) at 2:35
7. Rafales , Mike Sislo 1 (Mike Zigomanis 2, Bruno Gervais 3) at 12:06
8. Rafales , Cody McLeod 1 (Mark Fayne 1) at 12:10
9. Rafales , Cody McLeod 2 (Willie Mitchell 1) at 15:56
Penalties :
Jamie Benn (VJB) for Hooking (Minor) at 12:29, Robbie Earl (VJB) for Tripping (Minor) at 17:35
Goalie Stats
John Gibson (Stf), 37 saves from 39 shots - (0.949), W, 1-0-0, 60:00 minutes
Thomas McCollum (VJB), 31 saves from 38 shots - (0.816), L, 0-1-0, 60:00 minutes
Players Stats for Rafales
Player Name G A P +/- PIM S H SB GA TA FO MP PP MP PK MP
------------------------------------------------------------------------------------
Bruno Gervais 0 3 3 4 0 3 1 1 0 0 0/0 27:58 2:22 0:22
Cody McLeod 2 0 2 3 0 5 3 1 5 1 2/4 23:09 2:05 2:03
Connor Murphy 0 0 0 1 0 0 0 0 0 0 0/0 15:42 1:36 2:24
Dan Fritsche 0 1 1 4 0 2 1 2 1 0 4/9 12:13 0:00 1:36
Jeff Skinner 0 0 0 -1 0 2 0 0 0 0 1/2 18:37 1:53 1:48
Johan Ryno 1 0 1 3 0 2 0 1 0 0 0/1 19:40 0:00 0:00
Jonas Junland 0 0 0 1 2 3 0 1 0 0 0/0 14:47 1:36 1:34
Jonathan Rheault 0 0 0 0 0 0 0 0 0 0 0/0 7:35 0:00 0:00
Kevin Veilleux 0 0 0 0 2 0 1 0 0 0 2/7 7:37 0:00 0:00
Mark Fayne 0 1 1 1 2 2 1 2 0 3 0/0 19:31 0:00 0:39
Matt Gilroy 0 1 1 4 0 1 1 0 0 0 0/0 24:31 2:22 0:36
Michael Bournival 0 0 0 0 0 2 2 1 0 0 0/0 9:55 1:53 0:28
Mike Sislo 1 2 3 4 0 5 1 0 0 0 0/1 10:30 0:00 0:00
Mike Zigomanis 0 2 2 3 0 2 0 2 0 0 18/40 23:12 2:05 2:07
Milan Bartovic 0 0 0 -1 0 2 1 0 1 0 0/1 14:49 0:00 0:00
Nathan Davis 0 0 0 -1 0 2 0 0 0 0 10/15 16:42 1:53 0:00
Tim Crowder 3 0 3 4 0 5 1 0 0 0 1/1 11:52 2:05 0:00
Willie Mitchell 0 1 1 1 0 0 0 1 0 2 0/0 17:36 0:00 2:27
Players Stats for Influenza
Player Name G A P +/- PIM S H SB GA TA FO MP PP MP PK MP
------------------------------------------------------------------------------------
Ben Smith 1 0 1 -2 0 7 3 0 1 1 1/1 22:10 2:09 0:00
Carl Gunnarsson 0 0 0 -1 0 0 0 1 0 0 0/0 20:15 1:53 1:30
Charlie Coyle 0 0 0 0 0 0 0 0 0 0 0/1 1:21 0:00 0:51
Corey Tropp 0 0 0 -1 0 1 0 0 0 0 0/0 5:03 0:00 0:00
Evgeny Grachev 0 0 0 -2 0 1 3 0 0 1 15/27 21:47 1:42 0:00
Jamie Benn 0 0 0 -2 2 3 1 0 1 0 2/2 23:18 1:42 1:02
Jeff May 0 1 1 -1 0 2 0 1 0 0 0/0 11:23 0:00 0:00
Jeremy Morin 0 0 0 -2 0 0 0 0 0 0 0/0 11:46 0:07 0:09
John Klingberg 1 0 1 -4 0 3 1 2 2 0 0/0 28:22 2:08 2:28
Mark Scheifele 0 0 0 -2 0 4 1 2 0 0 14/30 21:28 0:00 1:37
Martins Karsums 0 0 0 -2 0 2 3 0 0 2 1/4 16:56 1:42 0:00
Mathieu Carle 0 0 0 -4 0 2 0 3 0 2 0/0 28:22 2:08 2:28
Matt Corrente 0 0 0 -1 0 1 1 0 1 0 0/0 20:15 1:53 1:30
Oskars Bartulis 0 0 0 -1 0 0 2 0 0 1 0/0 11:23 0:00 0:00
Robbie Earl 0 1 1 -2 2 4 3 1 0 0 2/3 18:45 2:12 1:02
Ryan Carter 0 1 1 -1 0 2 2 0 1 0 8/12 13:21 2:08 0:00
Ryan Russell 0 0 0 -1 0 1 1 0 0 0 0/1 7:10 0:00 1:56
T.J Galiardi 0 0 0 -1 0 6 0 0 0 0 0/0 12:55 0:21 1:19
3 Stars
1 - Tim Crowder (Stf)
2 - Cody McLeod (Stf)
3 - Mike Sislo (Stf)
Power Play
Rafales - 0 on 2 Attempt(s) - 0.00%
Influenza - 1 on 3 Attempt(s) - 33.33%
Penalty Kill
Rafales - 2 on 3 Attempt(s) - 66.67%
- Score 0 goal in Penalty Kill
Influenza - 2 on 2 Attempt(s) - 100.00%
- Score 0 goal in Penalty Kill
Team Stat
Rafales - Hits : 13 - Faceoff Wins : 38 - Blocked Shots : 12 - Penalty Minutes : 6
Influenza - Hits : 21 - Faceoff Wins : 43 - Blocked Shots : 10 - Penalty Minutes : 4
Official
Referees : Rehman Kyle and Fraser Kerry
Linesman : Greg Devorski and Pierre Champoux
Game Notes
Tim Crowder has scored a Hat Trick!
Finance
Level 1 -- Attendance: 1762 (88.10%) -- Ticket Income $70,480
Level 2 -- Attendance: 940 (94.00%) -- Ticket Income $18,800
Total Attendance: 2702 (90.07%)
Total Ticket Income: $89,280
Other Income: $4,464
Total Income: $93,744
Rafales
5 vs 5 Forward
Center Left Wing Right Wing Time % Phy DF OF
1 Mike Zigomanis Cody McLeod Johan Ryno 40 0 3 2
2 Nathan Davis Jeff Skinner Milan Bartovic 30 0 3 2
3 Dan Fritsche Mike Sislo Tim Crowder 20 0 3 2
4 Kevin Veilleux Michael Bournival Jonathan Rheault 10 0 3 2
5 vs 5 Defense
Defense Defense Time % Phy DF OF
1 Bruno Gervais Matt Gilroy 40 0 4 1
2 Mark Fayne Willie Mitchell 30 0 4 1
3 Connor Murphy Jonas Junland 20 0 4 1
4 Mark Fayne Bruno Gervais 10 0 4 1
PowerPlay Forward
Center Left Wing Right Wing Time % Phy DF OF
1 Mike Zigomanis Cody McLeod Tim Crowder 60 0 0 5
2 Nathan Davis Jeff Skinner Michael Bournival 40 0 0 5
PowerPlay Defense
Defense Defense Time % Phy DF OF
1 Bruno Gervais Matt Gilroy 60 0 1 4
2 Connor Murphy Jonas Junland 40 0 1 4
Penalty Kill 4 Players Forward
Center Wing Time % Phy DF OF
1 Cody McLeod Mike Zigomanis 60 0 5 0
2 Dan Fritsche Jeff Skinner 40 0 5 0
Penalty Kill 4 Players Defense
Defense Defense Time % Phy DF OF
1 Connor Murphy Willie Mitchell 60 0 5 0
2 Jonas Junland Mark Fayne 40 0 5 0
Penalty Kill - 3 Players Forward
Forward Time % Phy DF OF
1 Cody McLeod 60 0 5 0
2 Mike Zigomanis 40 0 5 0
Penalty Kill - 3 Players Defense
Defense Defense Time % Phy DF OF
1 Connor Murphy Willie Mitchell 60 0 5 0
2 Jonas Junland Mark Fayne 40 0 5 0
4 vs 4 Forward
Center Wing Time % Phy DF OF
1 Cody McLeod Mike Zigomanis 60 0 1 4
2 Nathan Davis Jeff Skinner 40 0 1 4
4 vs 4 Defense
Defense Defense Time % Phy DF OF
1 Willie Mitchell Matt Gilroy 60 0 3 2
2 Connor Murphy Jonas Junland 40 0 3 2
Last Minutes Offensive
Center Left Wing Right Wing Defense Defense
Mike Zigomanis Cody McLeod Jeff Skinner Matt Gilroy Bruno Gervais
Last Minutes Defensive
Center Left Wing Right Wing Defense Defense
Mike Zigomanis Cody McLeod Michael Bournival Jonas Junland Willie Mitchell
Goaltenders
Starting : John Gibson
Backup : Philipp Grubauer
Extra Forwards
Normal : Cody McLeod, Mike Zigomanis, Jeff Skinner - PP : Cody McLeod, Mike Zigomanis - PK : Michael Bournival
Extra Defensemen
Normal : Bruno Gervais, Willie Mitchell, Connor Murphy - PP : Bruno Gervais - PK : Willie Mitchell, Matt Gilroy
Penalty Shots
Cody McLeod, Mike Zigomanis, Tim Crowder, Jeff Skinner, Nathan Davis
Scratches
Ben Sexton (Healthy), Brian Ferlin (Healthy), Ryan Bourque (Healthy), Carl Klingberg (Healthy), Nicklas Jensen (Healthy)
Geoff Paukovich (Healthy), Jayson Megna (Healthy), Marc-André Gragnani (Healthy), Brad Ross (Healthy), Dylan McIlrath (Healthy)
Petr Kalus (Healthy), Julian Melchiori (Healthy), David Broll (Healthy), Stefan Chaput (Healthy), James Marcou (Healthy)
Dennis Persson (Healthy), Akim Aliu (Healthy), Chris Terry (Healthy), Maksim Mayorov (Healthy), Hunter Tremblay (Healthy)
Influenza
5 vs 5 Forward
Center Left Wing Right Wing Time % Phy DF OF
1 Evgeny Grachev Jamie Benn Ben Smith 40 1 2 2
2 Mark Scheifele Robbie Earl Martins Karsums 30 1 2 2
3 Ryan Carter T.J Galiardi Jeremy Morin 20 1 2 2
4 Mark Scheifele Ryan Russell Corey Tropp 10 1 2 2
5 vs 5 Defense
Defense Defense Time % Phy DF OF
1 John Klingberg Mathieu Carle 40 1 2 2
2 Matt Corrente Carl Gunnarsson 30 1 2 2
3 Jeff May Oskars Bartulis 20 1 2 2
4 John Klingberg Mathieu Carle 10 1 2 2
PowerPlay Forward
Center Left Wing Right Wing Time % Phy DF OF
1 Ryan Carter Robbie Earl Ben Smith 60 1 2 2
2 Evgeny Grachev Jamie Benn Martins Karsums 40 1 2 2
PowerPlay Defense
Defense Defense Time % Phy DF OF
1 John Klingberg Mathieu Carle 60 1 2 2
2 Matt Corrente Carl Gunnarsson 40 1 2 2
Penalty Kill 4 Players Forward
Center Wing Time % Phy DF OF
1 Robbie Earl Jamie Benn 60 1 2 2
2 Ryan Carter Ben Smith 40 1 2 2
Penalty Kill 4 Players Defense
Defense Defense Time % Phy DF OF
1 John Klingberg Mathieu Carle 60 1 2 2
2 Matt Corrente Carl Gunnarsson 40 1 2 2
Penalty Kill - 3 Players Forward
Forward Time % Phy DF OF
1 Robbie Earl 60 1 2 2
2 Jamie Benn 40 1 2 2
Penalty Kill - 3 Players Defense
Defense Defense Time % Phy DF OF
1 John Klingberg Mathieu Carle 60 1 2 2
2 Matt Corrente Carl Gunnarsson 40 1 2 2
4 vs 4 Forward
Center Wing Time % Phy DF OF
1 Robbie Earl Jamie Benn 60 1 2 2
2 Ryan Carter Ben Smith 40 1 2 2
4 vs 4 Defense
Defense Defense Time % Phy DF OF
1 John Klingberg Mathieu Carle 60 1 2 2
2 Matt Corrente Carl Gunnarsson 40 1 2 2
Last Minutes Offensive
Center Left Wing Right Wing Defense Defense
Ryan Carter Robbie Earl Ben Smith John Klingberg Mathieu Carle
Last Minutes Defensive
Center Left Wing Right Wing Defense Defense
Ryan Carter Robbie Earl Ben Smith John Klingberg Mathieu Carle
Goaltenders
Starting : Thomas McCollum
Backup : Olivier Roy
Extra Forwards
Normal : T.J Galiardi, Jeremy Morin, Ryan Russell - PP : T.J Galiardi, Jeremy Morin - PK : Ryan Russell
Extra Defensemen
Normal : Jeff May, Oskars Bartulis, Matt Corrente - PP : Jeff May - PK : Oskars Bartulis, Matt Corrente
Penalty Shots
Robbie Earl, Jamie Benn, Ryan Carter, Ben Smith, Martins Karsums
Scratches
Jacob Josefson (Healthy), Jordan Schroeder (Healthy), Iiro Pakarinen (Healthy), Brian Salcido (Healthy), Colin McDonald (Healthy)
Jamie Devane (Healthy), Tim Erixon (Healthy), Ryan Sproul (Healthy), Andreas Engqvist (Healthy), Colton Sceviour (Healthy)
Philippe Cornet (Healthy), T.J Brodie (Healthy), Tyson Sexsmith (Healthy)
% Time on Ice - Rafales
Lines # - Real PCT - Wanted PCT - Time Play
Normal Forward
1 - 37% - 40% - 19:00
2 - 29% - 30% - 14:56
3 - 20% - 20% - 10:30
4 - 15% - 10% - 7:35
Normal Defense
1 - 42% - 40% - 21:40
2 - 29% - 30% - 15:12
3 - 22% - 20% - 11:28
4 - 7% - 10% - 3:41
PP Forward
1 - 53% - 60% - 2:05
2 - 47% - 40% - 1:53
PP Defense
1 - 60% - 60% - 2:22
2 - 40% - 40% - 1:36
PK Forward
1 - 60% - 60% - 2:25
2 - 40% - 40% - 1:36
PK Defense
1 - 61% - 60% - 2:27
2 - 39% - 40% - 1:34
PK3 Forward
1 - 0% - 60%
2 - 0% - 40%
PK3 Defense
1 - 0% - 60%
2 - 0% - 40%
44 Forward
1 - 0% - 60%
2 - 0% - 40%
44 Defense
1 - 0% - 60%
2 - 0% - 40%
Last Minute Offensive - 0:00
Last Minute Defensive - 0:00
Total
Forward - 60:00
Defense - 60:00
|
% Time on Ice - Influenza
Lines # - Real PCT - Wanted PCT - Time Play
Normal Forward
1 - 39% - 40% - 20:31
2 - 29% - 30% - 15:14
3 - 22% - 20% - 11:13
4 - 10% - 10% - 5:03
Normal Defense
1 - 39% - 40% - 20:26
2 - 32% - 30% - 16:52
3 - 22% - 20% - 11:23
4 - 6% - 10% - 3:20
PP Forward
1 - 58% - 60% - 2:19
2 - 42% - 40% - 1:42
PP Defense
1 - 53% - 60% - 2:08
2 - 47% - 40% - 1:53
PK Forward
1 - 100% - 60% - 3:58
2 - 0% - 40% - 0:00
PK Defense
1 - 62% - 60% - 2:28
2 - 38% - 40% - 1:30
PK3 Forward
1 - 0% - 60%
2 - 0% - 40%
PK3 Defense
1 - 0% - 60%
2 - 0% - 40%
44 Forward
1 - 0% - 60%
2 - 0% - 40%
44 Defense
1 - 0% - 60%
2 - 0% - 40%
Last Minute Offensive - 0:00
Last Minute Defensive - 0:00
Total
Forward - 60:00
Defense - 60:00
|
Play by Play
1st period
0:01 of 1st period - Mike Zigomanis wins face-off versus Evgeny Grachev in neutral zone.
0:36 of 1st period - Snap shot by Dan Fritsche.
0:36 of 1st period - Shot Misses the Net.
1:13 of 1st period - Icing by Mathieu Carle.
1:14 of 1st period - Mark Scheifele wins face-off versus Kevin Veilleux in Influenza zone.
1:23 of 1st period - Slapshot by John Klingberg.
1:23 of 1st period - Shot Misses the Net.
1:25 of 1st period - Slapshot by Mathieu Carle.
1:25 of 1st period - Stopped by John Gibson without a rebound.
1:26 of 1st period - Ryan Carter wins face-off versus Mike Zigomanis in Rafales zone.
1:33 of 1st period - Wrist shot by T.J Galiardi.
1:33 of 1st period - Shot Blocked by Johan Ryno.
1:35 of 1st period - Snap shot by Ryan Carter.
1:35 of 1st period - Stopped by John Gibson without a rebound.
1:36 of 1st period - Ryan Carter wins face-off versus Mike Zigomanis in Rafales zone.
2:08 of 1st period - Jonas Junland is hit by Ryan Carter and loses puck.
2:15 of 1st period - Snap shot by Jeremy Morin.
2:15 of 1st period - Shot Hit the Post.
2:23 of 1st period - Snap shot by T.J Galiardi.
2:23 of 1st period - Stopped by John Gibson with a rebound.
2:25 of 1st period - Slapshot by T.J Galiardi.
2:25 of 1st period - Shot Blocked by Jonas Junland.
2:31 of 1st period - Wrist shot by T.J Galiardi.
2:31 of 1st period - Stopped by John Gibson without a rebound.
2:32 of 1st period - Mark Scheifele wins face-off versus Milan Bartovic in Rafales zone.
2:41 of 1st period - Backhand shot by Milan Bartovic.
2:41 of 1st period - Shot Misses the Net.
3:18 of 1st period - Matt Gilroy is hit by Oskars Bartulis and loses puck.
3:28 of 1st period - Icing by Matt Gilroy.
3:29 of 1st period - Kevin Veilleux wins face-off versus Evgeny Grachev in Rafales zone.
5:01 of 1st period - Minor Penalty to Mark Fayne for Hooking.
5:02 of 1st period - Robbie Earl wins face-off versus Cody McLeod in Rafales zone.
5:33 of 1st period - Snap shot by Jamie Benn.
5:33 of 1st period - Stopped by John Gibson with a rebound.
5:35 of 1st period - Slapshot by Matt Corrente.
5:35 of 1st period - Stopped by John Gibson with a rebound.
5:37 of 1st period - Slapshot by Matt Corrente.
5:37 of 1st period - Shot Blocked by Dan Fritsche.
6:39 of 1st period - Icing by Robbie Earl.
6:40 of 1st period - Ryan Carter wins face-off versus Dan Fritsche in Influenza zone.
7:01 of 1st period - Penalty to Mark Fayne is over, Mark Fayne is back on ice.
7:14 of 1st period - Minor Penalty to Kevin Veilleux for Holding.
7:15 of 1st period - Cody McLeod wins face-off versus Ryan Carter in Rafales zone.
7:25 of 1st period - Cody McLeod is hit by Ben Smith and loses puck.
7:38 of 1st period - Willie Mitchell is hit by Robbie Earl and loses puck.
9:14 of 1st period - Penalty to Kevin Veilleux is over, Kevin Veilleux is back on ice.
9:22 of 1st period - Slapshot by Michael Bournival.
9:22 of 1st period - Stopped by Thomas McCollum without a rebound.
9:23 of 1st period - Mark Scheifele wins face-off versus Kevin Veilleux in Influenza zone.
9:36 of 1st period - Wrist shot by Corey Tropp.
9:36 of 1st period - Stopped by John Gibson with a rebound.
9:47 of 1st period - Off-side.
9:48 of 1st period - Jeff Skinner wins face-off versus Ryan Carter in neutral zone.
10:34 of 1st period - Willie Mitchell is hit by Robbie Earl and loses puck.
10:43 of 1st period - Slapshot by Willie Mitchell.
10:43 of 1st period - Shot Blocked by Jeff May.
11:04 of 1st period - Icing by Corey Tropp.
11:05 of 1st period - Mike Zigomanis wins face-off versus Mark Scheifele in Influenza zone.
11:16 of 1st period - Cody McLeod is hit by Ryan Russell.
12:02 of 1st period - Slapshot by Mike Sislo.
12:02 of 1st period - Stopped by Thomas McCollum without a rebound.
12:03 of 1st period - Mike Zigomanis wins face-off versus Evgeny Grachev in Influenza zone.
13:01 of 1st period - Slapshot by Mike Sislo.
13:01 of 1st period - Deflect By Tim Crowder.
13:01 of 1st period - Goal by Tim Crowder - Rafales : 1 - Influenza : 0.
13:02 of 1st period - Mike Zigomanis wins face-off versus Evgeny Grachev in neutral zone.
13:50 of 1st period - Wrist shot by Nathan Davis.
13:50 of 1st period - Deflect By Jeff Skinner.
13:50 of 1st period - Shot Blocked by Carl Gunnarsson.
13:50 of 1st period - Puck is out of play.
13:51 of 1st period - Mark Scheifele wins face-off versus Nathan Davis in Influenza zone.
13:58 of 1st period - Wrist shot by Robbie Earl.
13:58 of 1st period - Stopped by John Gibson without a rebound.
13:59 of 1st period - Nathan Davis wins face-off versus Evgeny Grachev in Rafales zone.
14:06 of 1st period - Wrist shot by Milan Bartovic.
14:06 of 1st period - Shot Misses the Net.
14:14 of 1st period - Wrist shot by Milan Bartovic.
14:14 of 1st period - Shot Misses the Net.
14:48 of 1st period - Snap shot by Cody McLeod.
14:48 of 1st period - Deflect By Johan Ryno.
14:48 of 1st period - Stopped by Thomas McCollum with a rebound.
14:50 of 1st period - Snap shot by Cody McLeod.
14:50 of 1st period - Stopped by Thomas McCollum with a rebound.
14:52 of 1st period - Slapshot by Jonas Junland.
14:52 of 1st period - Stopped by Thomas McCollum with a rebound.
14:54 of 1st period - Snap shot by Cody McLeod.
14:54 of 1st period - Shot Misses the Net.
14:56 of 1st period - Snap shot by Cody McLeod.
14:56 of 1st period - Deflect By Mike Zigomanis.
14:56 of 1st period - Shot Misses the Net.
14:56 of 1st period - Puck is out of play.
14:57 of 1st period - Nathan Davis wins face-off versus Evgeny Grachev in Influenza zone.
15:10 of 1st period - Wrist shot by Jeff Skinner.
15:10 of 1st period - Shot Misses the Net.
15:12 of 1st period - Slapshot by Jeff Skinner.
15:12 of 1st period - Stopped by Thomas McCollum without a rebound.
15:13 of 1st period - Mike Zigomanis wins face-off versus Mark Scheifele in Influenza zone.
15:47 of 1st period - Wrist shot by Evgeny Grachev.
15:47 of 1st period - Stopped by John Gibson with a rebound.
15:59 of 1st period - Snap shot by T.J Galiardi.
15:59 of 1st period - Stopped by John Gibson with a rebound.
16:28 of 1st period - Snap shot by Michael Bournival.
16:28 of 1st period - Shot Misses the Net.
16:30 of 1st period - Snap shot by Kevin Veilleux.
16:30 of 1st period - Shot Misses the Net.
16:32 of 1st period - Slapshot by Jonas Junland.
16:32 of 1st period - Deflect By Michael Bournival.
16:32 of 1st period - Shot Misses the Net.
16:32 of 1st period - Puck is out of play.
16:33 of 1st period - Evgeny Grachev wins face-off versus Mike Zigomanis in Influenza zone.
16:38 of 1st period - Slapshot by Jamie Benn.
16:38 of 1st period - Shot Blocked by Mike Zigomanis.
16:44 of 1st period - Matt Corrente is hit by Cody McLeod and loses puck.
17:06 of 1st period - Slapshot by Milan Bartovic.
17:06 of 1st period - Stopped by Thomas McCollum with a rebound.
17:08 of 1st period - Snap shot by Jeff Skinner.
17:08 of 1st period - Stopped by Thomas McCollum without a rebound.
17:09 of 1st period - Mike Zigomanis wins face-off versus Mark Scheifele in Influenza zone.
17:34 of 1st period - Wrist shot by Cody McLeod.
17:34 of 1st period - Shot Misses the Net.
18:14 of 1st period - Matt Gilroy is hit by Matt Corrente and loses puck.
18:36 of 1st period - Snap shot by Mark Scheifele.
18:36 of 1st period - Stopped by John Gibson with a rebound.
18:56 of 1st period - Jonas Junland is hit by Ben Smith and loses puck.
19:13 of 1st period - Bruno Gervais is hit by Ryan Carter and loses puck.
19:19 of 1st period - Icing by Bruno Gervais.
19:20 of 1st period - Dan Fritsche wins face-off versus Mark Scheifele in Rafales zone.
19:45 of 1st period - Wrist shot by Dan Fritsche.
19:45 of 1st period - Shot Blocked by Mathieu Carle.
19:47 of 1st period - Wrist shot by Mike Zigomanis.
19:47 of 1st period - Stopped by Thomas McCollum without a rebound.
19:48 of 1st period - Mike Zigomanis wins face-off versus Evgeny Grachev in Influenza zone.
Goals for this period are 1 for Rafales vs 0 for Influenza.
Shots for this period are 10 for Rafales vs 11 for Influenza.
2nd period
0:01 of 2nd period - Evgeny Grachev wins face-off versus Mike Zigomanis in neutral zone.
0:22 of 2nd period - Icing by Mike Zigomanis.
0:23 of 2nd period - Nathan Davis wins face-off versus Mark Scheifele in Rafales zone.
0:32 of 2nd period - Slapshot by Nathan Davis.
0:32 of 2nd period - Stopped by Thomas McCollum without a rebound.
0:33 of 2nd period - Evgeny Grachev wins face-off versus Mike Zigomanis in Influenza zone.
0:58 of 2nd period - Matt Corrente is hit by Bruno Gervais and loses puck.
1:09 of 2nd period - Snap shot by Milan Bartovic.
1:09 of 2nd period - Stopped by Thomas McCollum with a rebound.
1:29 of 2nd period - Slapshot by Tim Crowder.
1:29 of 2nd period - Stopped by Thomas McCollum without a rebound.
1:30 of 2nd period - Mike Zigomanis wins face-off versus Evgeny Grachev in Influenza zone.
1:41 of 2nd period - Jonas Junland is hit by Jamie Benn and loses puck.
2:25 of 2nd period - Cody McLeod is hit by Oskars Bartulis and loses puck.
2:56 of 2nd period - Snap shot by Mark Scheifele.
2:56 of 2nd period - Stopped by John Gibson without a rebound.
2:57 of 2nd period - Dan Fritsche wins face-off versus Mark Scheifele in Rafales zone.
3:07 of 2nd period - Wrist shot by Mike Sislo.
3:07 of 2nd period - Stopped by Thomas McCollum with a rebound.
3:43 of 2nd period - Wrist shot by Ben Smith.
3:43 of 2nd period - Stopped by John Gibson without a rebound.
3:44 of 2nd period - Evgeny Grachev wins face-off versus Kevin Veilleux in Rafales zone.
3:47 of 2nd period - Snap shot by Jamie Benn.
3:47 of 2nd period - Stopped by John Gibson without a rebound.
3:48 of 2nd period - Evgeny Grachev wins face-off versus Johan Ryno in Rafales zone.
3:55 of 2nd period - Slapshot by John Klingberg.
3:55 of 2nd period - Stopped by John Gibson with a rebound.
3:57 of 2nd period - Slapshot by Mathieu Carle.
3:57 of 2nd period - Deflect By Mike Zigomanis.
3:57 of 2nd period - Stopped by John Gibson without a rebound.
3:58 of 2nd period - Evgeny Grachev wins face-off versus Mike Zigomanis in Rafales zone.
4:03 of 2nd period - Snap shot by Ben Smith.
4:03 of 2nd period - Shot Blocked by Cody McLeod.
4:09 of 2nd period - Wrist shot by Ben Smith.
4:09 of 2nd period - Shot Misses the Net.
4:34 of 2nd period - Slapshot by Milan Bartovic.
4:34 of 2nd period - Shot Blocked by Robbie Earl.
4:36 of 2nd period - Snap shot by Milan Bartovic.
4:36 of 2nd period - Shot Blocked by Mathieu Carle.
5:02 of 2nd period - Slapshot by Robbie Earl.
5:02 of 2nd period - Shot Blocked by Mark Fayne.
5:10 of 2nd period - Slapshot by Mark Scheifele.
5:10 of 2nd period - Shot Hit the Post.
5:12 of 2nd period - Wrist shot by Mark Scheifele.
5:12 of 2nd period - Stopped by John Gibson with a rebound.
5:14 of 2nd period - Slapshot by Mathieu Carle.
5:14 of 2nd period - Shot Misses the Net.
5:18 of 2nd period - Wrist shot by Robbie Earl.
5:18 of 2nd period - Shot Misses the Net.
5:20 of 2nd period - Slapshot by Mark Scheifele.
5:20 of 2nd period - Shot Blocked by Michael Bournival.
5:30 of 2nd period - Snap shot by Martins Karsums.
5:30 of 2nd period - Shot Blocked by Willie Mitchell.
5:38 of 2nd period - Snap shot by Robbie Earl.
5:38 of 2nd period - Stopped by John Gibson without a rebound.
5:39 of 2nd period - Evgeny Grachev wins face-off versus Mike Zigomanis in Rafales zone.
5:50 of 2nd period - Slapshot by Cody McLeod.
5:50 of 2nd period - Deflect By Evgeny Grachev.
5:50 of 2nd period - Shot Misses the Net.
5:50 of 2nd period - Puck is out of play.
5:51 of 2nd period - Ben Smith wins face-off versus Mike Zigomanis in Influenza zone.
6:27 of 2nd period - Snap shot by Ben Smith.
6:27 of 2nd period - Deflect By Jamie Benn.
6:27 of 2nd period - Shot Blocked by Bruno Gervais.
6:27 of 2nd period - Puck is out of play.
6:28 of 2nd period - Nathan Davis wins face-off versus Ryan Carter in Rafales zone.
6:54 of 2nd period - Mark Scheifele is hit by Cody McLeod and loses puck.
7:03 of 2nd period - Slapshot by Cody McLeod.
7:03 of 2nd period - Shot Misses the Net.
7:16 of 2nd period - Icing by Connor Murphy.
7:17 of 2nd period - Evgeny Grachev wins face-off versus Dan Fritsche in Rafales zone.
7:38 of 2nd period - Dan Fritsche is hit by Evgeny Grachev and loses puck.
7:51 of 2nd period - Slapshot by Jonas Junland.
7:51 of 2nd period - Stopped by Thomas McCollum with a rebound.
8:40 of 2nd period - Minor Penalty to Jonas Junland for Hooking.
8:41 of 2nd period - Ryan Carter wins face-off versus Cody McLeod in Rafales zone.
8:43 of 2nd period - Wrist shot by John Klingberg.
8:43 of 2nd period - Goal by John Klingberg - Rafales : 1 - Influenza : 1.
8:44 of 2nd period - Mike Zigomanis wins face-off versus Mark Scheifele in neutral zone.
8:51 of 2nd period - Snap shot by Cody McLeod.
8:51 of 2nd period - Shot Misses the Net.
8:53 of 2nd period - Wrist shot by Johan Ryno.
8:53 of 2nd period - Shot Blocked by John Klingberg.
8:55 of 2nd period - Slapshot by Mark Fayne.
8:55 of 2nd period - Stopped by Thomas McCollum with a rebound.
9:37 of 2nd period - Icing by Mark Fayne.
9:38 of 2nd period - Kevin Veilleux wins face-off versus Evgeny Grachev in Rafales zone.
9:43 of 2nd period - Slapshot by Bruno Gervais.
9:43 of 2nd period - Shot Misses the Net.
10:10 of 2nd period - Off-side.
10:11 of 2nd period - Mark Scheifele wins face-off versus Mike Zigomanis in neutral zone.
10:42 of 2nd period - Jamie Benn is hit by Matt Gilroy and loses puck.
11:20 of 2nd period - Jonathan Rheault is hit by Robbie Earl and loses puck.
11:50 of 2nd period - Evgeny Grachev is hit by Mark Fayne and loses puck.
12:03 of 2nd period - Snap shot by Ben Smith.
12:03 of 2nd period - Goal by Ben Smith - Rafales : 1 - Influenza : 2.
12:04 of 2nd period - Cody McLeod wins face-off versus Martins Karsums in neutral zone.
12:09 of 2nd period - Snap shot by Mike Zigomanis.
12:09 of 2nd period - Stopped by Thomas McCollum without a rebound.
12:10 of 2nd period - Martins Karsums wins face-off versus Mike Zigomanis in Influenza zone.
13:04 of 2nd period - Slapshot by John Klingberg.
13:04 of 2nd period - Deflect By T.J Galiardi.
13:04 of 2nd period - Stopped by John Gibson without a rebound.
13:05 of 2nd period - Mike Zigomanis wins face-off versus Mark Scheifele in Rafales zone.
13:05 of 2nd period - Mike Zigomanis is hit by Martins Karsums.
13:17 of 2nd period - Wrist shot by Johan Ryno.
13:17 of 2nd period - Goal by Johan Ryno - Rafales : 2 - Influenza : 2.
13:18 of 2nd period - Mike Zigomanis wins face-off versus Mark Scheifele in neutral zone.
14:12 of 2nd period - Wrist shot by Ben Smith.
14:12 of 2nd period - Stopped by John Gibson without a rebound.
14:13 of 2nd period - Evgeny Grachev wins face-off versus Nathan Davis in Rafales zone.
14:22 of 2nd period - Snap shot by Ben Smith.
14:22 of 2nd period - Stopped by John Gibson without a rebound.
14:23 of 2nd period - Mark Scheifele wins face-off versus Nathan Davis in Rafales zone.
14:28 of 2nd period - Wrist shot by Robbie Earl.
14:28 of 2nd period - Deflect By Martins Karsums.
14:28 of 2nd period - Stopped by John Gibson without a rebound.
14:29 of 2nd period - Mark Scheifele wins face-off versus Nathan Davis in Rafales zone.
14:30 of 2nd period - Slapshot by Robbie Earl.
14:30 of 2nd period - Stopped by John Gibson with a rebound.
15:06 of 2nd period - Snap shot by Jamie Benn.
15:06 of 2nd period - Stopped by John Gibson with a rebound.
15:16 of 2nd period - Snap shot by Matt Gilroy.
15:16 of 2nd period - Stopped by Thomas McCollum without a rebound.
15:17 of 2nd period - Ryan Carter wins face-off versus Dan Fritsche in Influenza zone.
15:27 of 2nd period - Slapshot by Mark Fayne.
15:27 of 2nd period - Stopped by Thomas McCollum without a rebound.
15:28 of 2nd period - Evgeny Grachev wins face-off versus Mike Zigomanis in Influenza zone.
15:53 of 2nd period - Ben Smith is hit by Dan Fritsche and loses puck.
16:00 of 2nd period - Snap shot by Mike Sislo.
16:00 of 2nd period - Shot Misses the Net.
16:02 of 2nd period - Slapshot by Bruno Gervais.
16:02 of 2nd period - Stopped by Thomas McCollum with a rebound.
16:04 of 2nd period - Wrist shot by Tim Crowder.
16:04 of 2nd period - Goal by Tim Crowder - Rafales : 3 - Influenza : 2.
16:05 of 2nd period - Mark Scheifele wins face-off versus Mike Zigomanis in neutral zone.
16:08 of 2nd period - Slapshot by John Klingberg.
16:08 of 2nd period - Deflect By Matt Gilroy.
16:08 of 2nd period - Stopped by John Gibson without a rebound.
16:09 of 2nd period - Mark Scheifele wins face-off versus Mike Zigomanis in Rafales zone.
16:24 of 2nd period - Slapshot by Bruno Gervais.
16:24 of 2nd period - Shot Hit the Post.
16:34 of 2nd period - Bruno Gervais is hit by Evgeny Grachev and loses puck.
16:41 of 2nd period - Wrist shot by Ben Smith.
16:41 of 2nd period - Stopped by John Gibson without a rebound.
16:42 of 2nd period - Evgeny Grachev wins face-off versus Mike Zigomanis in Rafales zone.
17:07 of 2nd period - Jeff Skinner is hit by Martins Karsums and loses puck.
17:26 of 2nd period - Snap shot by Tim Crowder.
17:26 of 2nd period - Stopped by Thomas McCollum with a rebound.
17:30 of 2nd period - Snap shot by Mike Sislo.
17:30 of 2nd period - Stopped by Thomas McCollum with a rebound.
17:55 of 2nd period - Matt Corrente is hit by Michael Bournival and loses puck.
18:00 of 2nd period - Snap shot by Jonathan Rheault.
18:00 of 2nd period - Shot Hit the Post.
18:52 of 2nd period - Slapshot by Jonas Junland.
18:52 of 2nd period - Stopped by Thomas McCollum without a rebound.
18:53 of 2nd period - Jamie Benn wins face-off versus Kevin Veilleux in Influenza zone.
19:17 of 2nd period - Icing by Bruno Gervais.
19:18 of 2nd period - Ryan Carter wins face-off versus Mike Zigomanis in Rafales zone.
19:19 of 2nd period - Snap shot by T.J Galiardi.
19:19 of 2nd period - Stopped by John Gibson without a rebound.
19:20 of 2nd period - Mike Zigomanis wins face-off versus Ryan Carter in Rafales zone.
19:22 of 2nd period - Icing by Bruno Gervais.
19:23 of 2nd period - Ryan Carter wins face-off versus Mike Zigomanis in Rafales zone.
19:46 of 2nd period - Snap shot by Ryan Carter.
19:46 of 2nd period - Shot Blocked by Mike Zigomanis.
19:48 of 2nd period - Slapshot by T.J Galiardi.
19:48 of 2nd period - Stopped by John Gibson with a rebound.
19:58 of 2nd period - Slapshot by Ryan Carter.
19:58 of 2nd period - Stopped by John Gibson without a rebound.
19:59 of 2nd period - Nathan Davis wins face-off versus Mark Scheifele in Rafales zone.
Goals for this period are 2 for Rafales vs 2 for Influenza.
Shots for this period are 15 for Rafales vs 20 for Influenza.
3rd period
0:01 of 3rd period - Nathan Davis wins face-off versus Mark Scheifele in neutral zone.
0:35 of 3rd period - Off-side.
0:36 of 3rd period - Mark Scheifele wins face-off versus Mike Sislo in neutral zone.
1:43 of 3rd period - Snap shot by Ryan Russell.
1:43 of 3rd period - Stopped by John Gibson with a rebound.
2:06 of 3rd period - Evgeny Grachev is hit by Milan Bartovic and loses puck.
2:24 of 3rd period - Off-side.
2:25 of 3rd period - Dan Fritsche wins face-off versus Mark Scheifele in neutral zone.
2:35 of 3rd period - Wrist shot by Tim Crowder.
2:35 of 3rd period - Goal by Tim Crowder - Rafales : 4 - Influenza : 2.
2:36 of 3rd period - Robbie Earl wins face-off versus Mike Zigomanis in neutral zone.
2:44 of 3rd period - Off-side.
2:45 of 3rd period - Mike Zigomanis wins face-off versus Mark Scheifele in neutral zone.
3:14 of 3rd period - Snap shot by Robbie Earl.
3:14 of 3rd period - Stopped by John Gibson without a rebound.
3:15 of 3rd period - Nathan Davis wins face-off versus Evgeny Grachev in Rafales zone.
3:30 of 3rd period - Snap shot by Ben Smith.
3:30 of 3rd period - Stopped by John Gibson with a rebound.
3:40 of 3rd period - Jeremy Morin is hit by Mike Sislo and loses puck.
3:45 of 3rd period - Snap shot by Mike Sislo.
3:45 of 3rd period - Stopped by Thomas McCollum without a rebound.
3:46 of 3rd period - Dan Fritsche wins face-off versus Martins Karsums in Influenza zone.
3:49 of 3rd period - Wrist shot by Dan Fritsche.
3:49 of 3rd period - Stopped by Thomas McCollum without a rebound.
3:50 of 3rd period - Mark Scheifele wins face-off versus Mike Zigomanis in Influenza zone.
4:15 of 3rd period - Jeff Skinner is hit by Ben Smith and loses puck.
4:24 of 3rd period - Wrist shot by Ben Smith.
4:24 of 3rd period - Stopped by John Gibson without a rebound.
4:25 of 3rd period - Evgeny Grachev wins face-off versus Mike Zigomanis in Rafales zone.
4:26 of 3rd period - Wrist shot by Ben Smith.
4:26 of 3rd period - Shot Misses the Net.
5:07 of 3rd period - Snap shot by Jeff May.
5:07 of 3rd period - Stopped by John Gibson without a rebound.
5:08 of 3rd period - Ryan Carter wins face-off versus Dan Fritsche in Rafales zone.
5:35 of 3rd period - Robbie Earl is hit by Cody McLeod and loses puck.
5:42 of 3rd period - Snap shot by Cody McLeod.
5:42 of 3rd period - Shot Misses the Net.
5:44 of 3rd period - Wrist shot by Cody McLeod.
5:44 of 3rd period - Stopped by Thomas McCollum with a rebound.
6:21 of 3rd period - Off-side.
6:22 of 3rd period - Mark Scheifele wins face-off versus Kevin Veilleux in neutral zone.
6:33 of 3rd period - Icing by Martins Karsums.
6:34 of 3rd period - Mark Scheifele wins face-off versus Mike Zigomanis in Influenza zone.
6:55 of 3rd period - Mark Fayne is hit by Martins Karsums and loses puck.
7:00 of 3rd period - Snap shot by Martins Karsums.
7:00 of 3rd period - Stopped by John Gibson without a rebound.
7:01 of 3rd period - Jamie Benn wins face-off versus Jeff Skinner in Rafales zone.
7:27 of 3rd period - Ben Smith is hit by Kevin Veilleux.
7:59 of 3rd period - Slapshot by Michael Bournival.
7:59 of 3rd period - Stopped by Thomas McCollum without a rebound.
8:00 of 3rd period - Mike Zigomanis wins face-off versus Mark Scheifele in Influenza zone.
8:13 of 3rd period - Slapshot by Jeff May.
8:13 of 3rd period - Stopped by John Gibson without a rebound.
8:14 of 3rd period - Mark Scheifele wins face-off versus Nathan Davis in Rafales zone.
8:37 of 3rd period - Milan Bartovic is hit by Mark Scheifele and loses puck.
8:54 of 3rd period - Wrist shot by Jeff Skinner.
8:54 of 3rd period - Shot Misses the Net.
8:56 of 3rd period - Slapshot by Matt Gilroy.
8:56 of 3rd period - Shot Blocked by Mathieu Carle.
8:58 of 3rd period - Snap shot by Matt Gilroy.
8:58 of 3rd period - Shot Misses the Net.
9:14 of 3rd period - Wrist shot by Corey Tropp.
9:14 of 3rd period - Deflect By Mark Scheifele.
9:14 of 3rd period - Stopped by John Gibson without a rebound.
9:15 of 3rd period - Evgeny Grachev wins face-off versus Mike Zigomanis in Rafales zone.
9:20 of 3rd period - Wrist shot by Evgeny Grachev.
9:20 of 3rd period - Shot Blocked by Mark Fayne.
9:42 of 3rd period - Ryan Carter is hit by Tim Crowder and loses puck.
10:30 of 3rd period - Wrist shot by Cody McLeod.
10:30 of 3rd period - Stopped by Thomas McCollum with a rebound.
11:32 of 3rd period - Evgeny Grachev is hit by Michael Bournival and loses puck.
12:06 of 3rd period - Wrist shot by Mike Sislo.
12:06 of 3rd period - Goal by Mike Sislo - Rafales : 5 - Influenza : 2.
12:07 of 3rd period - Evgeny Grachev wins face-off versus Mike Zigomanis in neutral zone.
12:10 of 3rd period - Slapshot by Cody McLeod.
12:10 of 3rd period - Goal by Cody McLeod - Rafales : 6 - Influenza : 2.
12:11 of 3rd period - Mike Zigomanis wins face-off versus Evgeny Grachev in neutral zone.
12:29 of 3rd period - Minor Penalty to Jamie Benn for Hooking.
12:30 of 3rd period - Tim Crowder wins face-off versus Robbie Earl in Influenza zone.
14:26 of 3rd period - Icing by Tim Crowder.
14:27 of 3rd period - Mike Zigomanis wins face-off versus Charlie Coyle in Rafales zone.
14:29 of 3rd period - Penalty to Jamie Benn is over, Jamie Benn is back on ice.
15:02 of 3rd period - Wrist shot by Mike Sislo.
15:02 of 3rd period - Shot Misses the Net.
15:04 of 3rd period - Slapshot by Bruno Gervais.
15:04 of 3rd period - Shot Misses the Net.
15:06 of 3rd period - Snap shot by Bruno Gervais.
15:06 of 3rd period - Stopped by Thomas McCollum with a rebound.
15:08 of 3rd period - Backhand shot by Bruno Gervais.
15:08 of 3rd period - Stopped by Thomas McCollum without a rebound.
15:09 of 3rd period - Evgeny Grachev wins face-off versus Dan Fritsche in Influenza zone.
15:40 of 3rd period - Snap shot by Nathan Davis.
15:40 of 3rd period - Shot Blocked by Mark Scheifele.
15:42 of 3rd period - Slapshot by Nathan Davis.
15:42 of 3rd period - Shot Blocked by Mark Scheifele.
15:44 of 3rd period - Snap shot by Nathan Davis.
15:44 of 3rd period - Shot Misses the Net.
15:46 of 3rd period - Snap shot by Nathan Davis.
15:46 of 3rd period - Stopped by Thomas McCollum with a rebound.
15:56 of 3rd period - Slapshot by Cody McLeod.
15:56 of 3rd period - Goal by Cody McLeod - Rafales : 7 - Influenza : 2.
15:57 of 3rd period - Mike Zigomanis wins face-off versus Evgeny Grachev in neutral zone.
16:00 of 3rd period - Slapshot by Mark Fayne.
16:00 of 3rd period - Shot Blocked by John Klingberg.
16:06 of 3rd period - Mark Fayne is hit by Evgeny Grachev and loses puck.
16:29 of 3rd period - Off-side.
16:30 of 3rd period - Nathan Davis wins face-off versus Martins Karsums in neutral zone.
16:32 of 3rd period - Off-side.
16:33 of 3rd period - Nathan Davis wins face-off versus Mark Scheifele in neutral zone.
16:48 of 3rd period - Snap shot by Milan Bartovic.
16:48 of 3rd period - Shot Misses the Net.
17:24 of 3rd period - Slapshot by Matt Gilroy.
17:24 of 3rd period - Shot Misses the Net.
17:26 of 3rd period - Snap shot by Dan Fritsche.
17:26 of 3rd period - Stopped by Thomas McCollum without a rebound.
17:27 of 3rd period - Nathan Davis wins face-off versus Mark Scheifele in Influenza zone.
17:35 of 3rd period - Minor Penalty to Robbie Earl for Tripping.
17:36 of 3rd period - Mike Zigomanis wins face-off versus Ryan Russell in Influenza zone.
19:22 of 3rd period - Michael Bournival is hit by John Klingberg and loses puck.
19:35 of 3rd period - Penalty to Robbie Earl is over, Robbie Earl is back on ice.
19:38 of 3rd period - Backhand shot by John Klingberg.
19:38 of 3rd period - Shot Blocked by Dan Fritsche.
Goals for this period are 4 for Rafales vs 0 for Influenza.
Shots for this period are 13 for Rafales vs 8 for Influenza.
Back to the Top